 Dungeon Crawl Stone Soup version 0.28-a0-1227-ga9037bb4c8 (webtiles) character file.

Game seed: 4847472167277796228

5289 ytrimaz the Martial Artist (level 10, -10/79 HPs)
             Began as an Octopode Transmuter on Dec 23, 2021.
             Was a Follower of Ashenzari.
             Killed from afar by a steam dragon (21 damage)
             ... with a ball of steam
             ... on level 8 of the Dungeon.
             The game lasted 00:12:40 (12529 turns).

ytrimaz the Martial Artist (Octopode Transmuter)   Turns: 12529, Time: 00:12:41

Health: -10/79     AC: 11    Str:  9    XL:     10   Next: 63%
Magic:  20/20      EV: 12    Int: 21    God:    Ashenzari [*.....]
Gold:   411        SH:  0    Dex: 12    Spells: 7/22 levels left

rFire   x . .      SeeInvis .     - Unarmed
rCold   + + +      Faith    .   (shield currently unavailable)
rNeg    . . .      Spirit   .   (helmet currently unavailable)
rPois   +          Reflect  .   f - amulet of Ashenzari's Suspicion {RegenMP, Elem, Evo} (curse)
rElec   .          Harm     .   d - ring of Ashenzari's Adversity {AC+4, Bglg, Evo} (curse)
rCorr   .          Rampage  .   (no ring)
Will    .....                   (no ring)
Stlth   ++........              (no ring)
HPRegen 0.23/turn               (no ring)
MPRegen 0.57/turn               (no ring)
                                (no ring)
                                (no ring)

@: about to teleport, ice-form
A: freezing attack, boosted hp, almost no armour, amphibious, 8 rings, large,
(camouflage 1), (gelatinous body 1), (nimble swimmer 1), (tentacles)
a: End Transformation, Renounce Religion, Shatter the Chains


You were on level 8 of the Dungeon.
You worshipped Ashenzari.
Ashenzari was aware of your devotion.
You were a creature of crystalline ice.
You visited 2 branches of the dungeon, and saw 9 of its levels.

You collected 467 gold pieces.
You spent 56 gold pieces at shops.

Inventory:

Missiles
 g - a throwing net
Jewellery
 d - the cursed ring of Ashenzari's Adversity (left front paw) {AC+4, Bglg, Evo}
   (You found it on level 2 of the Dungeon)

   [ring of protection]

   AC:        It affects your AC (+4).
   It has a curse which improves the following skills: Beguiling: Conjurations,
   Hexes and Translocations.
   Evocations: Evocations.
 f - the cursed amulet of Ashenzari's Suspicion (around neck) {RegenMP, Elem, Evo}
   (You found it on level 6 of the Dungeon)

   [amulet of magic regeneration]

   It increases your rate of magic regeneration.
   It has a curse which improves the following skills: Elements: Fire Magic, Ice
   Magic, Air Magic and Earth Magic.
   Evocations: Evocations.
 h - an amulet of guardian spirit
Wands
 q - a wand of iceblast (11)
Scrolls
 j - 2 scrolls of teleportation
 m - 3 scrolls of fear
Potions
 a - 4 potions of brilliance
 b - 4 potions of mutation
 c - 2 potions of berserk rage
 k - a potion of might
 l - a potion of resistance
 n - a potion of ambrosia
 o - 2 potions of curing


   Skills:
 * Level 5.1 Fighting
 * Level 6.4 Dodging
 - Level 1.7 Stealth
 + Level 8.5 Unarmed Combat
 * Level 6.8 Spellcasting
 * Level 7.0 Transmutations
 - Level 0.2(0.5) Ice Magic
 - Level 4.0 Poison Magic


You had 7 spell levels left.
You knew the following spells:

 Your Spells              Type           Power      Damage    Failure   Level
a - Beastly Appendage     Tmut           72%        N/A       1%          1
b - Wereblood             Tmut           36%        N/A       1%          2
c - Spider Form           Tmut/Pois      30%        N/A       2%          3
d - Ice Form              Ice/Tmut       23%        N/A       19%         4
e - Irradiate             Conj/Tmut      11%        3d17      50%         5

Your spell library contained the following spells:

 Spells                   Type           Power      Damage    Failure   Level
 Ensorcelled Hibernation  Hex/Ice        16%        N/A       12%         2
 Sublimation of Blood     Necr           7%         N/A       14%         2
 Petrify                  Tmut/Erth      22%        N/A       21%         4
 Call Canine Familiar     Summ           7%         N/A       26%         3
 Portal Projectile        Hex/Tloc       14%        N/A       26%         3
 Tukima's Dance           Hex            7%         N/A       26%         3
 Leda's Liquefaction      Hex/Erth       3%         N/A       65%         4


Dungeon Overview and Level Annotations

Branches:
Dungeon (8/15)             Temple (1/1) D:5
   Lair: D:8-11

Altars:
Ashenzari
Cheibriados
Dithmenos
Elyvilon
Fedhas
Kikubaaqudgha
Makhleb
Okawaru
Qazlal
Sif Muna
Vehumet
Wu Jian
Xom
Yredelemnul
The Shining One

Shops:
D:4 ?   D:8 ?

Annotations:
D:4 Eustachio
D:6 1 runed translucent door, Crazy Yiuf
D:7 Maggie


Innate Abilities, Weirdness & Mutations

You are a creature of crystalline ice.
You have a powerful freezing melee attack.
Your maximum health is increased.
Your armour is entirely melded.
You are incapable of wielding weapons or throwing items.
You cannot wear most types of armour.
You are amphibious.
You can wear up to eight rings at the same time.
((Your skin changes colour to match your surroundings (Stealth+).))
((Your rubbery body absorbs attacks. (AC +1, EV +1)))
((You are camouflaged when in or above water. (Stealth+)))
((You have tentacles for arms and can constrict up to eight enemies at once.))


Message History

You are engulfed in a cloud of scalding steam.
The steam dragon bites you. The steam dragon closely misses you.
Unknown command.
You punch the steam dragon! You freeze the steam dragon.
The steam dragon is severely wounded.
The steam dragon barely misses you. The steam dragon closely misses you.
The howler monkey hits you but does no damage.
You hit the steam dragon but do no damage.
The steam dragon is severely wounded.
The howler monkey hoots and howls with incredible vigour!
The steam dragon breathes steam at you. The ball of steam hits you!
The steam scalds you terribly!
* * * LOW HITPOINT WARNING * * *
Unknown command.
You hit the steam dragon but do no damage.
The steam dragon is severely wounded.
You are engulfed in a cloud of scalding steam.
* * * LOW HITPOINT WARNING * * *
The howler monkey is engulfed in a cloud of scalding steam.
The howler monkey misses you. The steam dragon bites you.
* * * LOW HITPOINT WARNING * * *
The steam dragon closely misses you.
You feel much better.
You are engulfed in a cloud of scalding steam.
The howler monkey is engulfed in a cloud of scalding steam.
The howler monkey barely misses you. The steam dragon breathes steam at you.
The ball of steam hits you! The steam scalds you terribly!
* * * LOW HITPOINT WARNING * * *
Blink to where?
Press: ? - help, Dir - move target
As you read the scroll of blinking, it crumbles to dust.
The howler monkey is engulfed in a cloud of scalding steam.
The howler monkey dies!
You see here a +0 dagger.
As you read the scroll of teleportation, it crumbles to dust.
You feel strangely unstable. The steam dragon breathes steam at you.
The ball of steam hits you!! The steam scalds you terribly!
You die...

..............$.........#...
......#..##..........##.....
......##..#...........#.....
......#...§..........##.....
.....§...§§...#.............
......§.†##...#.###......##.
##.....D###.......##........
#......####.....##.....##..
#....##.#.§Y.....###.#.##...
.....#..D§........#.........
.##.........................
##..##............##......
.....#....##.....#.........
.......)..###...##......>..
#.####...............).#....
#. #..#.......#..##.. ##...
................... ##..


You could see a steam dragon (catching breath).

Vanquished Creatures
  Pikel (D:4)
  Joseph (D:7)
  2 trolls (D:7)
  Prince Ribbit (D:7)
  Sigmund (D:4)
  A wraith (D:8)
  A steam dragon (D:7)
  Menkaure (D:4)
  4 water moccasins
  2 orc warriors
  2 ice beasts (D:7)
  2 sky beasts
  An ogre (D:7)
  A necrophage (D:7)
  A lemure (D:4)
  A phantom (D:5)
  2 kobold brigands (D:7)
  A gnoll sergeant (D:6)
  4 bullfrogs
  A water moccasin zombie (D:6)
  4 scorpions
  3 howler monkeys (D:8)
  2 hounds
  4 orc priests
  3 gnoll shamans
  4 iguanas
  7 jellies
  6 orc wizards
  Natasha (thrice) (D:2)
  Terence (D:3)
  A hound skeleton (D:4)
  2 howler monkey zombies
  Robin (D:3)
  18 gnolls
  8 adders
  2 shadow imps
  A white imp (D:7)
  3 ufetubi
  An adder skeleton (D:4)
  5 dart slugs
  14 orcs
  10 bats
  5 endoplasms
  5 giant cockroaches
  22 goblins
  6 hobgoblins
  5 kobolds
  4 quokkas
  8 ball pythons
  2 frilled lizards (D:1)
  A quokka skeleton (D:4)
  5 rats
197 creatures vanquished.

Vanquished Creatures (others)
  A howler monkey (D:8)
  14 plants (D:7)
15 creatures vanquished.

Grand Total: 212 creatures vanquished

Notes
Turn   | Place    | Note
-------+----------+-------------------------------------------
     0 | D:1      | ytrimaz the Octopode Transmuter began the quest for the
                  | Orb.
     0 | D:1      | Reached XP level 1. HP: 13/13 MP: 3/3
   284 | D:1      | Reached XP level 2. HP: 18/18 MP: 3/5
   834 | D:1      | Reached XP level 3. HP: 19/23 MP: 3/6
   837 | D:1      | Learned a level 2 spell: Wereblood
   841 | D:1      | Learned a level 3 spell: Spider Form
  1025 | D:1      | Found a faded altar of an unknown god.
  1882 | D:2      | Noticed Natasha
  2058 | D:2      | Killed Natasha
  2059 | D:2      | Reached XP level 4. HP: 16/28 MP: 3/7
  2317 | D:2      | Reached skill level 1 in Stealth
  2678 | D:2      | Noticed Natasha
  2689 | D:2      | Killed Natasha
  2809 | D:2      | Reached XP level 5. HP: 22/33 MP: 5/9
  3147 | D:2      | Noticed Natasha
  3161 | D:2      | Killed Natasha
  3594 | D:3      | Reached skill level 1 in Poison Magic
  3795 | D:3      | Noticed Terence
  3811 | D:3      | Killed Terence
  4095 | D:3      | Noticed Robin
  4300 | D:3      | Learned a level 4 spell: Ice Form
  4327 | D:3      | Reached skill level 4 in Unarmed Combat
  4760 | D:3      | Reached XP level 6. HP: 37/39 MP: 6/10
  4770 | D:3      | Killed Robin
  5063 | D:4      | Found a shimmering blue altar of Sif Muna.
  5064 | D:4      | Noticed Eustachio
  5101 | D:4      | Found Fyfaud's Magic Scroll Emporium.
  5105 | D:4      | Bought a scroll of identify for 28 gold pieces
  5105 | D:4      | Bought a scroll of identify for 28 gold pieces
  5117 | D:4      | Noticed Menkaure
  5282 | D:4      | Killed Menkaure
  5287 | D:4      | Reached XP level 7. HP: 45/45 MP: 7/12
  5407 | D:4      | Noticed Pikel
  5449 | D:4      | Killed Pikel
  5450 | D:4      | Reached skill level 5 in Unarmed Combat
  5450 | D:4      | Reached XP level 8. HP: 10/50 MP: 8/14
  6201 | D:4      | Noticed Sigmund
  6212 | D:4      | Killed Sigmund
  6866 | D:5      | Entered Level 5 of the Dungeon
  7208 | D:5      | Reached skill level 6 in Unarmed Combat
  7254 | D:5      | Reached skill level 5 in Spellcasting
  7747 | D:5      | Found a staircase to the Ecumenical Temple.
  7841 | D:5      | Reached skill level 5 in Transmutations
  7841 | D:5      | Reached XP level 9. HP: 57/57 MP: 11/16
  7847 | D:5      | Learned a level 5 spell: Irradiate
  7864 | Temple   | Entered the Ecumenical Temple
  8094 | Temple   | Became a worshipper of Ashenzari the Shackled
  9324 | D:6      | Reached skill level 5 in Dodging
  9364 | D:6      | Found a runed translucent door.
  9365 | D:6      | Noticed Crazy Yiuf
  9800 | D:7      | Noticed a troll
  9854 | D:7      | Noticed Joseph
  9876 | D:7      | Killed Joseph
  9877 | D:7      | Reached skill level 7 in Unarmed Combat
 10181 | D:7      | Killed a troll
 10649 | D:7      | Reached XP level 10. HP: 65/65 MP: 14/19
 10911 | D:7      | Reached skill level 8 in Unarmed Combat
 11534 | D:7      | Noticed Prince Ribbit
 11549 | D:7      | Killed Prince Ribbit
 11550 | D:7      | Reached skill level 5 in Fighting
 11609 | D:7      | Noticed Maggie
 12123 | D:8      | Found a glowing golden altar of the Shining One.
 12218 | D:8      | Found Wegoot's Magic Scroll Shop.
 12271 | D:8      | Reached * piety under Ashenzari
 12529 | D:8      | Killed from afar by a steam dragon

Illustrated notes

Levels and vault maps discovered:
D:1:      noname_arrival_rooms_in_the_neighbourhood, layout_basic,
          dreamdust_ecumenical_altar_hidden_monk_grotto
D:2:      layout_basic, uniq_natasha
D:3:      layout_basic, uniq_robin, uniq_terence
D:4:      layout_loops_ring, nicolae_overflow_hidden_temple, serial_shops,
          kennysheep_mini_moat, minivault_26, uniq_eustachio, uniq_menkaure,
          uniq_pikel, uniq_sigmund
D:5:      layout_layer_cave, minmay_temple_entry_grid
D:6:      layout_basic, chequers_avenue, st_stairs_9, uniq_crazy_yiuf_cottage
D:7:      layout_cave_pools, nicolae_uskayaw_dance_hall,
          serial_co_window_serial, co_window_paths_b, co_window_paths_a,
          co_window_corner_a, co_window_corner_a, co_window_corner_a,
          co_window_corner_a, co_window_corner_a, co_window_broadway_b,
          co_window_cross_2, co_window_of_opportunity_b,
          co_window_of_opportunity_c, co_window_4corner_b, glass_columns_a,
          serial_bayou_pond_c, minmay_alternating_orb, uniq_maggie,
          uniq_prince_ribbit1, uniq_joseph
D:8:      layout_cave_pools, grunt_temple_overflow_open, serial_shops, shop
Temple:   nicolae_temple_figure_eight

Skill      XL: |  1  2  3  4  5  6  7  8  9 10 |
---------------+-------------------------------+-----
Stealth        | 1 |  1.7
Spellcasting   | 3 4 5 6 |  6.8
Transmutations | 3 4 5 6 7 |  7.0
Poison Magic   | 1 2 3 4 |  4.0
Unarmed Combat | 4 5 6 7 8 |  8.5
Fighting       | 2 3 4 5 |  5.1
Dodging        | 3 4 5 6 |  6.4
Ice Magic      | |  0.2

Action                   |  1- 3 |  4- 6 |  7- 9 | 10-12 || total
-------------------------+-------+-------+-------+-------++-------
Melee: Unarmed           |    65 |   144 |   226 |   139 ||   574
       Constrict         |    17 |    24 |     8 |     1 ||    50
       Kick              |    14 |    14 |     3 |       ||    31
       Tentacles         |    11 |    14 |     6 |       ||    31
       Punch             |       |     2 |     3 |       ||     5
 Cast: Beastly Appendage |    24 |    20 |     5 |       ||    49
       Spider Form       |     1 |     4 |     9 |       ||    14
       Wereblood         |       |     3 |     5 |     2 ||    10
       Ice Form          |       |     1 |    15 |    19 ||    35
Invok: Curse Item        |       |       |       |     2 ||     2
  Use: Scroll            |     2 |     4 |     5 |     7 ||    18
       Potion            |       |     1 |     2 |     3 ||     6
 Stab: Sleeping          |     4 |     7 |     5 |       ||    16
       Distracted        |       |       |     1 |       ||     1
Armor: Skin              |     5 |    27 |    51 |    55 ||   138
Dodge: Dodged            |    42 |   116 |   129 |    76 ||   363

Table legend: (Time is in decaauts)
 A = Elapsed time spent in this place.
 B = Non-inter-level travel time spent in this place.
 C = Inter-level travel time spent in this place.
 D = Time resting spent in this place.
 E = Time spent auto-exploring this place.
 F = Levels seen in this place.
 G = Mean time per level.
                   A        B        C        D        E       F      G
               +--------+--------+--------+--------+--------+-----+--------+
         Total |  12470 |  12173 |    297 |   2423 |   7970 |   9 | 1385.6 |
       Dungeon |  12227 |  11957 |    270 |   2423 |   7757 |   8 | 1528.4 |
        Temple |    243 |    216 |     27 |      0 |    213 |   1 |  243.0 |
               +--------+--------+--------+--------+--------+-----+--------+

Top non-repeatable levels by time:
     D:7: 1930 daAuts
     D:4: 1912 daAuts
     D:2: 1834 daAuts
     D:1: 1615 daAuts
     D:5: 1493 daAuts
     D:3: 1491 daAuts
     D:6: 1203 daAuts
     D:8: 747 daAuts
  Temple: 243 daAuts
